 Dungeon Crawl Stone Soup version 0.19.0-11-g3fc08b3 (webtiles) character file.

23755 Chiseanne the Destroyer (level 12, -17/74 HPs)
             Began as a Demonspawn Wizard on Nov 9, 2016.
             Was a High Priest of Vehumet.
             Killed from afar by an ogre mage (46 damage)
             ... with a bolt of lightning
             ... on level 2 of the Orcish Mines on Nov 10, 2016.
             The game lasted 01:07:40 (17195 turns).

Chiseanne the Destroyer (Demonspawn Wizard)        Turns: 17195, Time: 01:07:41

Health: -17/74     AC:  8    Str:  8    XL:     12   Next: 74%
Magic:  20/43      EV: 12    Int: 29    God:    Vehumet [*****.]
Gold:   1367       SH:  4    Dex: 13    Spells: 7 memorised, 6 levels left

rFire  + + .     SeeInvis .     a - staff of power
rCold  + . .     Gourm    .     W - +1 animal skin {rC+}
rNeg   . . .     Faith    .     (no shield)
rPois  .         Spirit   .     p - +0 helmet
rElec  .         Reflect  +     b - +0 cloak
rCorr  .         Harm     .     (no gloves)
MR     .....                    (no boots)
Stlth  ++........               K - +4 amulet of reflection
                                e - +4 ring of intelligence
                                h - ring of wizardry

@: very slightly contaminated
A: hooves 1, molten scales 2, agile 1, fire resistance 2, spiny 2, flame cloud
immunity
a: Renounce Religion


You were on level 2 of the Orcish Mines.
You worshipped Vehumet.
Vehumet was extremely pleased with you.
You were hungry.

You visited 3 branches of the dungeon, and saw 13 of its levels.
You also visited: Labyrinth and Ice Cave.

You collected 1367 gold pieces.

Inventory:

Hand Weapons
 s - a +3 great sword of freezing
 P - a +1 flail of protection
Armour
 b - a +0 cloak (worn)
 g - a +2 robe of magic resistance
 m - a +2 robe of positive energy
 p - a +0 helmet (worn)
 x - a +0 leather armour of magic resistance
 I - a +0 troll leather armour
 R - a +3 leather armour of poison resistance
 V - a +2 robe of positive energy
 W - a +1 animal skin of cold resistance (worn)
Magical Staves
 a - an uncursed staff of power (weapon)
 y - an uncursed staff of cold
 D - an uncursed staff of poison
 S - an uncursed staff of wizardry
Jewellery
 e - a +4 ring of intelligence (right hand)
 h - a ring of wizardry (left hand)
 k - an uncursed ring of protection from magic
 o - an uncursed ring of flight
 t - an uncursed ring of magical power
 H - an uncursed ring of protection from cold
 K - a +4 amulet of reflection (around neck)
 T - an uncursed ring of positive energy
Wands
 w - a wand of teleportation (9/9)
 Q - a wand of digging (4/24)
Scrolls
 B - 2 scrolls of recharging
 C - 3 scrolls of blinking
 E - a scroll of identify
 G - a scroll of remove curse
 U - a scroll of teleportation
Potions
 c - a potion of agility
 n - a potion of berserk rage
 v - a potion of might
 A - a potion of heal wounds
Books
 q - a book of Power

   Spells                             Type                      Level
   a - Fulminant Prism                Conjuration/Hexes            4
   b - Iskenderun's Mystic Blast      Conjuration                  4
   c - Venom Bolt                     Conjuration/Poison           5
   d - Bolt of Magma                  Conjuration/Fire/Earth       5
   e - Iron Shot                      Conjuration/Earth            6
   f - Orb of Destruction             Conjuration                  7
   g - Spellforged Servitor           Conjuration/Summoning        7
Miscellaneous
 L - a phantom mirror
Comestibles
 d - 7 bread rations
 f - 6 chunks of flesh
 i - 7 meat rations
 j - 5 fruits
 l - 3 beef jerkies
 r - 9 royal jellies
 z - 2 slices of pizza


   Skills:
 - Level 5.0 Armour
 - Level 1.7 Dodging
 - Level 1.7 Stealth
 * Level 12.2 Spellcasting
 * Level 12.8 Conjurations
 - Level 10.0 Summonings
 - Level 0.8 Translocations


You had 6 spell levels left.
You knew the following spells:

 Your Spells              Type           Power        Failure   Level  Hunger
a - Iskenderun's Mystic   Conj           #######.     1%          4    None
b - Mephitic Cloud        Conj/Pois/Air  #####...     1%          3    None
c - Conjure Flame         Conj/Fire      ######..     1%          3    None
d - Blink                 Tloc           N/A          1%          2    None
f - Inner Flame           Hex/Fire       ###.....     1%          3    None
g - Orb of Destruction    Conj           #######...   2%          7    ######.
h - Spellforged Servitor  Conj/Summ      ######....   3%          7    ######.


Dungeon Overview and Level Annotations

Branches:
Dungeon (10/15)            Temple (1/1) D:5            Lair (0/6) D:8
    Orc (2/2) D:9             Elf (0/3) Orc:2

Altars:
Ashenzari
Cheibriados
Dithmenos
Elyvilon
Fedhas
Gozag
Hepliaklqana
Kikubaaqudgha
Makhleb
Nemelex Xobeh
Okawaru
Qazlal
Ru
Sif Muna
Trog
Uskayaw
Vehumet
Xom
Yredelemnul
Zin
The Shining One
Beogh

Shops:
D:5 (   Orc:2 (:

Annotations:
D:3 Chiseanne's ghost, amateur DsWz
D:5 crawlian's ghost, amateur DEFE


Innate Abilities, Weirdness & Mutations

You have large cloven feet.
You are mostly covered in molten scales. (AC +3)
Your flesh is very heat resistant. (rF++)
You are mostly covered in sharp spines.
You are immune to clouds of flame.
You are agile. (Dex +2)


Message History

Confirm with . or Enter, or press ? or * to list all spells.
You miscast Spellforged Servitor.
You are very lightly contaminated with residual magic.
A fistful of eyes flickers past your view.
You are feeling hungry.
The ogre mage shouts!
The ogre mage gestures wildly while chanting.
The ogre mage seems to speed up.
Casting: Spellforged Servitor
Confirm with . or Enter, or press ? or * to list all spells.
You summon a servant imbued with your destructive magic!
The ogre mage casts a spell at you.
The bolt of lightning hits the orc wizard.
The orc wizard dies!
The bolt of lightning hits you!
Ouch! That really hurt!
The ogre mage casts a spell at you. The bolt of lightning hits you!
Ouch! That really hurt!
You die...

##..§§§...≈≈§..#.).).8.§#
#≈≈#∩.#####..≈#####.).....##
≈§##..≈§≈...§#####.)))..##
#≈≈§#.......)≈#≈≈≈..)...##
≈##≈###....).≈#.......)##
≈##≈≈§####..§§#8...≈≈))#
.≈≈§≈≈≈≈≈.)§§≈#...##≈).#
..§.§§......§§#..8##≈))'..
.......)..8..≈#8@.##≈%.'..8
.§..§.§§§§§..§#...##≈..'...
.§≈≈§≈≈§§§.).≈#...##≈..#...
≈##≈§≈####...≈#8..)≈≈..#...8
≈##§###......§#....§
#≈≈≈#.§§....[≈#≈≈≈...
#≈≈##..§≈≈...≈#####...
#§≈#∩.#####..≈#####..O.
##..≈≈≈...≈≈≈..#


You could see an ogre mage and a friendly spellforged servitor.

Vanquished Creatures
  Erica (D:8)
  A death yak (IceCv)
  Nergalle (Orc:1)
  Pikel (D:8)
  5 orc sorcerers
  2 rime drakes (Orc:1)
  6 polar bears (IceCv)
  2 trolls (D:9)
  A two-headed ogre (Orc:1)
  A hippogriff (D:9)
  13 yaks
  Grum (D:8)
  A wyvern (D:9)
  A warg (Orc:2)
  A water moccasin (D:9)
  8 orc warriors
  5 ice beasts
  A phantom (D:3)
  10 ogres
  16 wolves
  5 centaurs
  5 bullfrogs
  A gnoll sergeant (D:7)
  2 scorpions (D:7)
  12 killer bees (D:8)
  A howler monkey (D:5)
  13 wights
  A bullfrog zombie (D:9)
  2 centaur zombies
  2 quasits
  2 jellies
  24 orc wizards
  2 centaur skeletons
  5 orc priests
  5 hounds
  2 bullfrog skeletons (D:6)
  2 iguanas
  11 worker ants
  A mummy (D:5)
  A worker ant zombie (D:8)
  7 gnolls
  11 adders
  An ooze (D:5)
  4 adder skeletons
  A worm (D:4)
  3 dart slugs
  3 leopard geckos
  33 orcs
  3 giant cockroaches
  7 goblins
  9 hobgoblins
  8 kobolds
  9 quokkas
  A ball python skeleton (D:6)
  6 bats
  5 frilled lizards
  A giant cockroach zombie (D:5)
  2 goblin zombies (D:5)
  A jackal skeleton (D:6)
  A leopard gecko skeleton (D:4)
  8 rats
301 creatures vanquished.

Vanquished Creatures (collateral kills)
  Rupert (Orc:2)
  A frost giant (IceCv)
  Snorg (Orc:1)
  A minotaur (Lab)
  Erolcha (Orc:1)
  An ogre mage (Orc:2)
  A death yak (IceCv)
  5 orc sorcerers (Orc:2)
  A rime drake (IceCv)
  10 polar bears (IceCv)
  4 yaks (IceCv)
  4 orc warriors
  An ogre (Orc:2)
  2 wolves (IceCv)
  4 orc priests
  12 orc wizards
  2 gnolls (Orc:1)
  11 orcs
63 creatures vanquished.

Vanquished Creatures (others)
  3 slaves (D:8)
  A centaur (D:9)
  A scorpion (D:9)
  2 wights (D:7)
  2 killer bees (D:8)
  A howler monkey (D:6)
  A centaur zombie (D:9)
  A hound (D:8)
  An orc wizard (Orc:2)
  An iguana (D:8)
  A worker ant (D:6)
  A leopard gecko (D:6)
  A giant cockroach (D:6)
17 creatures vanquished.

Grand Total: 381 creatures vanquished

Notes
Turn   | Place    | Note
-------+----------+-------------------------------------------
     0 | D:1      | Chiseanne the Demonspawn Wizard began the quest for the Orb.
     0 | D:1      | Reached XP level 1. HP: 13/13 MP: 4/4
   784 | D:1      | Gained mutation: Your flesh is heat resistant. (rF+) [demonic ancestry]
   784 | D:1      | Reached XP level 2. HP: 19/19 MP: 1/6
  1764 | D:2      | Gained mutation: You have large cloven feet. [demonic ancestry]
  1764 | D:2      | Reached XP level 3. HP: 24/24 MP: 2/8
  1820 | D:2      | Learned a level 3 spell: Mephitic Cloud
  1824 | D:2      | Learned a level 3 spell: Conjure Flame
  1827 | D:2      | Learned a level 2 spell: Blink
  2482 | D:2      | Found a faded altar of an unknown god.
  3004 | D:2      | Gained mutation: You are partially covered in molten scales. (AC +2) [demonic ancestry]
  3004 | D:2      | Reached XP level 4. HP: 30/30 MP: 3/9
  3173 | D:3      | Noticed a phantom
  3202 | D:2      | Gained mutation: Your flesh is cold resistant. (rC+) [potion of mutation]
  3202 | D:2      | Gained mutation: Your flesh is very heat resistant. (rF++) [potion of mutation]
  3202 | D:2      | Gained mutation: Your body sometimes deteriorates upon taking damage. [potion of mutation]
  3871 | D:3      | Killed a phantom
  3871 | D:3      | Reached XP level 5. HP: 23/35 MP: 0/11
  3961 | D:3      | Noticed Chiseanne's ghost (amateur DsWz)
  3993 | D:4      | Noticed an ogre
  4000 | D:5      | Entered Level 5 of the Dungeon
  4021 | D:5      | Found a shattered altar of Ashenzari.
  4053 | D:5      | Found Wodazuqu's Antique Weapon Shoppe.
  4105 | D:5      | Noticed crawlian's ghost (amateur DEFE)
  4498 | D:4      | Reached XP level 6. HP: 41/41 MP: 13/13
  4586 | D:4      | Reached skill level 5 in Spellcasting
  4879 | D:5      | Reached skill level 5 in Conjurations
  4948 | D:5      | Found a staircase to the Ecumenical Temple.
  4972 | Temple   | Entered the Ecumenical Temple
  4979 | Temple   | Became a worshipper of Vehumet
  5199 | D:5      | Gained mutation: You are partially covered in sharp spines. [demonic ancestry]
  5199 | D:5      | Reached XP level 7. HP: 38/46 MP: 15/15
  5587 | D:5      | Gained mutation: You are agile. (Dex +2) [potion of beneficial mutation]
  5714 | D:6      | Reached skill level 1 in Armour
  5776 | D:6      | Gained mutation: You are mostly covered in sharp spines. [demonic ancestry]
  5776 | D:6      | Reached XP level 8. HP: 37/52 MP: 12/17
  5951 | D:6      | Found a shimmering altar of Xom.
  5991 | D:6      | Reached * piety under Vehumet
  5991 | D:6      | Offered knowledge of Shock by Vehumet.
  6574 | D:6      | Found a hazy altar of Hepliaklqana.
  6575 | D:6      | Found a basalt altar of Yredelemnul.
  6578 | D:6      | Found a stormy altar of Qazlal.
  6578 | D:6      | Found a bloodstained altar of Trog.
  6988 | D:6      | Found a sacrificial altar of Ru.
  7283 | D:7      | Reached XP level 9. HP: 57/57 MP: 20/20
  8081 | D:7      | Reached ** piety under Vehumet
  8081 | D:7      | Reached skill level 5 in Armour
  8488 | D:7      | Found a sparkling altar of Nemelex Xobeh.
  8543 | D:7      | Offered knowledge of Throw Flame by Vehumet.
  8669 | D:7      | Found an opulent altar of Gozag.
  8921 | D:8      | Noticed Grum
  8940 | D:8      | Killed Grum
  8962 | D:8      | Noticed Pikel
  8967 | D:8      | Killed Pikel
  8976 | D:8      | Reached XP level 10. HP: 57/63 MP: 21/23
  9163 | D:8      | Found a staircase to the Lair.
  9470 | D:8      | Found a glowing golden altar of the Shining One.
  9826 | D:8      | Noticed Erica
  9836 | D:8      | Killed Erica
  9836 | D:8      | Reached skill level 10 in Conjurations
  9880 | D:8      | HP: 3/63 [poisoned by a killer bee]
 10336 | D:8      | Lost mutation: Your body sometimes deteriorates upon taking damage. [potion of cure mutation]
 10336 | D:8      | Lost mutation: Your flesh is cold resistant. (rC+) [potion of cure mutation]
 10783 | D:9      | Offered knowledge of Inner Flame by Vehumet.
 10850 | D:9      | Learned a level 4 spell: Iskenderun's Mystic Blast
 10875 | D:9      | Reached skill level 10 in Spellcasting
 11077 | D:9      | Found a staircase to the Orcish Mines.
 11376 | D:9      | Reached *** piety under Vehumet
 12033 | D:10     | Entered Level 10 of the Dungeon
 12080 | D:10     | Noticed a brown ugly thing
 12100 | D:10     | Gained mutation: You are immune to clouds of flame. [demonic ancestry]
 12100 | D:10     | Reached XP level 11. HP: 68/68 MP: 25/25
 12131 | D:10     | Learned a level 3 spell: Inner Flame
 12139 | D:10     | Learned a level 7 spell: Orb of Destruction
 12147 | D:10     | Learned a level 7 spell: Spellforged Servitor
 12187 | Orc:1    | Entered Level 1 of the Orcish Mines
 12578 | Orc:1    | Offered knowledge of Olgreb's Toxic Radiance by Vehumet.
 12752 | Orc:1    | Found a frozen archway.
 12767 | IceCv    | Entered an ice cave
 13076 | IceCv    | Reached skill level 5 in Summonings
 13248 | IceCv    | Reached **** piety under Vehumet
 13562 | IceCv    | Offered knowledge of Stone Arrow by Vehumet.
 13590 | IceCv    | Noticed a death yak
 13645 | IceCv    | Killed a death yak
 13854 | IceCv    | Noticed a death yak
 13865 | IceCv    | Killed a death yak
 14113 | IceCv    | Noticed a frost giant
 14131 | IceCv    | Killed a frost giant
 14154 | IceCv    | Reached skill level 10 in Summonings
 14503 | Orc:1    | Noticed an orc sorcerer
 14509 | Orc:1    | Noticed Erolcha
 14510 | Orc:1    | Killed an orc sorcerer
 14510 | Orc:1    | Gained mutation: You are mostly covered in molten scales. (AC +3) [demonic ancestry]
 14510 | Orc:1    | Reached XP level 12. HP: 56/74 MP: 22/26
 14519 | Orc:1    | Killed Erolcha
 14758 | Orc:1    | Noticed Snorg
 14763 | Orc:1    | Killed Snorg
 14987 | Orc:1    | Noticed Nergalle
 14994 | Orc:1    | Killed Nergalle
 15160 | Orc:2    | Entered Level 2 of the Orcish Mines
 15160 | Orc:2    | Found a labyrinth entrance.
 15160 | Orc:2    | Found a staircase to the Elven Halls.
 15170 | Lab      | Entered a labyrinth
 15539 | Lab      | Noticed a minotaur
 15545 | Lab      | Killed a minotaur
 15770 | Orc:2    | Found a roughly hewn altar of Beogh.
 15789 | Orc:2    | Found a roughly hewn altar of Beogh.
 16111 | Orc:2    | Reached ***** piety under Vehumet
 16127 | Orc:2    | Offered knowledge of Freezing Cloud by Vehumet.
 16396 | Orc:2    | Noticed Rupert
 16400 | Orc:2    | Killed Rupert
 16649 | Orc:2    | Found Qaluz's Book Boutique.
 16789 | Orc:2    | Noticed an ogre mage
 16789 | Orc:2    | Paralysed by an ogre mage for 7 turns
 16796 | Orc:2    | Killed an ogre mage
 16798 | Orc:2    | Found Asast's Antique Weapon Shop.
 16948 | Orc:2    | Found an ancient bone altar of Kikubaaqudgha.
 17194 | Orc:2    | Noticed an ogre mage
 17195 | Orc:2    | Killed from afar by an ogre mage

Skill      XL: |  1  2  3  4  5  6  7  8  9 10 11 12 |
---------------+-------------------------------------+-----
Conjurations   | 2 4 5 6 7 9 11 12 | 12.8
Spellcasting   | 4 5 6 7 9 10 12 | 12.2
Armour         | 1 4 5 |  5.0
Summonings     | 10 | 10.0
Dodging        | |  1.7
Stealth        | |  1.7
Translocations | |  0.8

Action                   |  1- 3 |  4- 6 |  7- 9 | 10-12 || total
-------------------------+-------+-------+-------+-------++-------
Melee: Whip              |    45 |       |       |       ||    45
       Kick              |     4 |     3 |     6 |     3 ||    16
       Short sword       |       |    15 |       |       ||    15
       Great sword       |       |       |    13 |     7 ||    20
       Staff             |       |       |    10 |     8 ||    18
Throw: Stone             |       |     5 |       |       ||     5
 Cast: Magic Dart        |   114 |   138 |   409 |    88 ||   749
       Blink             |       |     3 |     6 |     5 ||    14
       Mephitic Cloud    |       |     6 |    18 |    26 ||    50
       Conjure Flame     |       |       |    17 |     7 ||    24
       Iskenderun's Myst |       |       |       |   169 ||   169
       Spellforged Servi |       |       |       |    23 ||    23
       Inner Flame       |       |       |       |     3 ||     3
       Orb of Destructio |       |       |       |    19 ||    19
Evoke: Wand              |       |       |     7 |     8 ||    15
  Use: Potion            |     1 |     6 |     1 |     6 ||    14
       Scroll            |     1 |     9 |     6 |     7 ||    23
 Stab: Sleeping          |       |     1 |       |       ||     1
       Confused          |       |       |     2 |       ||     2
  Eat: Chunk             |     6 |     7 |     9 |    39 ||    61
       Fruit             |       |     1 |     2 |     5 ||     8
Armor: Robe              |    13 |     7 |       |       ||    20
       Skin              |       |     1 |       |       ||     1
       Leather armour    |       |       |    27 |     4 ||    31
       Troll leather arm |       |       |       |    10 ||    10
       Animal skin       |       |       |       |     6 ||     6
Dodge: Dodged            |    58 |    36 |    60 |    49 ||   203
Block: Other             |       |       |       |     6 ||     6
       Reflection        |       |       |       |     1 ||     1
